Map: Ley Lines

Players

Дашоптебя - Winner!

  • Race: Terran Terran
  • League: Platinum
  • Spawn Location: 1:00

Illua

  • Race: Zerg Zerg
  • League: Platinum
  • Spawn Location: 7:00

VOD

Have the link to the VOD?

Description

Time

  • Played on: April 12, 2025, 11:36 a.m.
  • Length: 14:49
Show
View Real Time Build Order
Export as new Build Order

Дашоптебя Terran - Winner!

Build Orders: Mech 

Get SALT Encoding   

  12  0:07  SCV  
  13  0:19  SCV  
  14  0:23  Supply Depot  
  14  0:34  Refinery  
  14  0:38  SCV  
  15  0:47  Barracks  
  15  0:51  SCV  
  16  1:14  SCV  
  17  1:33  Command Center  
  17  1:35  Supply Depot  
  17  1:36  Barracks Reactor  
  17  1:45  Orbital Command  
  17  2:04  Factory  
  17  2:15  Marine x2  
  17  2:21  SCV  
  17  2:22  Refinery  
  20  2:33  SCV  
  21  2:45  SCV  
  22  2:56  Barracks Tech Lab  
  22  2:59  Hellion x2  
  22  3:05  Refinery  
  26  3:06  Starport  
  28  3:27  Hellion x2  
  28  3:33  Supply Depot  
  28  3:48  Hellion  
  30  3:49  Orbital Command  
  30  3:55  Supply Depot  
  30  4:01  Fusion Core  
  31  4:02  SCV  
  31  4:17  SCV  
  31  4:18  SCV  
  31  4:19  Supply Depot  
  33  4:30  SCV  
  34  4:41  Hellion, Supply Depot  
  34  4:43  Widow Mine  
  34  5:10  Hellion x2  
  32  5:15  Battlecruiser  
  38  5:27  Barracks Tech Lab  
  38  5:31  Hellion, Widow Mine  
  38  5:33  SCV x2  
  44  5:41  Factory  
  44  5:45  SCV  
  44  5:48  Factory, SCV  
  46  5:53  Hellion x2  
  50  5:57  SCV  
  50  6:02  Refinery  
  50  6:03  Barracks Tech Lab  
  51  6:14  Hellion, Widow Mine  
  55  6:35  SCV x2  
  57  6:40  Widow Mine, Siege Tank  
  57  6:41  Cyclone  
  63  6:47  SCV  
  60  6:55  Battlecruiser  
  62  7:09  Widow Mine  
  62  7:13  Siege Tank x2  
  62  7:14  Widow Mine  
  62  7:15  SCV  
  73  7:16  SCV  
  73  7:22  Supply Depot  
  74  7:26  Supply Depot  
  72  7:32  Armory  
  72  7:45  Siege Tank x2  
  78  8:00  SCV x2  
  80  8:12  SCV x2  
  82  8:17  Siege Tank x2  
  82  8:29  SCV x2  
  84  8:40  Supply Depot  
  84  8:41  SCV x2  
  85  8:44  Supply Depot x2  
  80  8:49  Cyclone, Siege Tank  
  86  9:01  SCV x2  
  88  9:03  Liberator  
  91  9:13  SCV x2  
  93  9:21  Thor x2  
  105  9:36  Hellbat  
  107  10:03  Terran Vehicle Weapons Level 1  
  107  10:04  Cyclone  
  107  10:06  Armory  
  110  10:09  Command Center  
  110  10:14  Factory  
  110  10:15  Factory  
  110  10:35  Refinery  
  110  10:41  Refinery  
  110  10:49  Supply Depot  
  110  11:09  Terran Vehicle And Ship Armor Level 1  
  110  11:10  Thor, Hellbat  
  118  11:11  Supply Depot  
  118  11:12  Factory Tech Lab  
  118  11:14  Supply Depot  
  118  11:16  Cyclone  
  118  11:38  SCV  
  119  11:40  Thor, Hellbat  
  119  11:41  Cyclone, Hellbat  
  132  11:48  Siege Tank  
  132  11:51  SCV  
  132  11:53  Hellbat  
  136  11:55  Orbital Command  
  136  12:02  Hellbat x2  
  136  12:03  SCV  
  136  12:07  Terran Vehicle Weapons Level 2  
  119  12:38  Hellbat x5  
  118  13:06  Hellbat x2  
  118  13:07  Hellbat  
  118  13:12  SCV x2  
  114  13:33  Hellbat  
  114  13:34  Hellbat x3  
  105  13:53  Hellbat x2  
  105  13:55  Cyclone, Thor  
  114  14:06  Supply Depot  
  110  14:10  Hellbat  
  110  14:14  Hellbat x2  
  124  14:44  Starport Tech Lab  
Show
View Real Time Build Order
Export as new Build Order

Illua Zerg 

Build Orders: Hatch First 

Get SALT Encoding   

  12  0:09  Overlord  
  12  0:13  Drone  
  13  0:19  Drone  
  14  0:28  Drone  
  15  0:31  Drone  
  16  0:48  Hatchery  
  15  0:52  Drone  
  15  0:55  Drone  
  17  1:03  Drone  
  18  1:12  Extractor  
  18  1:17  Spawning Pool  
  16  1:19  Drone  
  16  1:25  Drone  
  18  1:35  Drone  
  19  1:46  Drone  
  20  1:58  Overlord  
  20  2:05  Queen  
  20  2:06  Queen  
  24  2:08  Zergling x2  
  24  2:12  Zergling x2  
  26  2:20  Drone  
  26  2:21  Drone  
  26  2:22  Metabolic Boost  
  28  2:29  Drone  
  29  2:32  Drone  
  30  2:47  Queen  
  30  2:48  Overlord x2  
  32  2:52  Drone  
  32  2:56  Drone  
  34  3:03  Overlord  
  34  3:10  Drone  
  35  3:19  Drone x3  
  37  3:25  Hatchery  
  37  3:26  Overlord  
  35  3:29  Drone  
  35  3:30  Drone x2  
  38  3:37  Drone  
  39  3:47  Roach Warren  
  38  3:48  Drone x2  
  38  3:51  Evolution Chamber  
  39  3:56  Drone x4  
  43  4:03  Extractor  
  43  4:09  Lair  
  42  4:10  Queen  
  42  4:15  Drone x3  
  47  4:18  Overlord  
  47  4:23  Zergling x2  
  47  4:24  Zergling x4  
  49  4:40  Roach  
  49  4:41  Roach x4  
  56  4:56  Spore Crawler  
  56  4:58  Spine Crawler  
  52  5:06  Roach x5  
  57  5:14  Drone x7  
  57  5:20  Drone  
  65  5:28  Drone  
  65  5:31  Roach  
  68  5:39  Drone  
  69  5:45  Queen x2, Spine Crawler, Spore Crawler  
  69  5:47  Queen  
  73  5:50  Roach  
  73  5:53  Ravager  
  73  5:55  Drone x3  
  79  6:18  Drone x2  
  79  6:19  Drone  
  79  6:21  Overlord x5  
  82  6:49  Roach x8  
  98  7:06  Hatchery  
  97  7:13  Spine Crawler  
  96  7:16  Spine Crawler  
  96  7:17  Spine Crawler, Roach x4  
  96  7:19  Overlord x5  
  102  7:33  Ravager  
  103  7:43  Spore Crawler  
  102  7:44  Roach  
  104  7:56  Drone x12  
  116  8:02  Extractor  
  115  8:07  Overlord x2  
  115  8:16  Spore Crawler  
  115  8:17  Hatchery  
  82  8:31  Roach  
  82  8:32  Roach x7  
  70  8:46  Drone x4  
  70  8:47  Drone x9  
  81  8:50  Queen x3  
  81  8:55  Roach x2  
  91  9:18  Roach  
  91  9:19  Roach x4  
  97  9:26  Roach  
  95  9:40  Drone x3  
  96  9:46  Spore Crawler  
  94  9:53  Roach x6  
  94  9:55  Zergling x2  
  94  9:56  Zergling x12  
  113  10:01  Queen x3  
  113  10:02  Queen x2  
  123  10:18  Spore Crawler  
  122  10:24  Zergling x24  
  127  10:50  Extractor  
  127  10:52  Extractor  
  127  10:55  Hydralisk Den  
  124  11:00  Spire, Infestation Pit  
  124  11:01  Roach x2  
  124  11:02  Roach x4  
  134  11:24  Zerg Missile Weapons Level 1  
  134  11:25  Glial Reconstitution  
  134  11:37  Overseer  
  134  11:39  Overseer  
  134  11:46  Hydralisk  
  136  11:52  Zergling x2  
  136  11:53  Zergling x60  
  160  12:04  Roach  
  160  12:05  Roach x2  
  166  12:27  Hydralisk  
  151  12:44  Overlord x7  
  144  12:48  Zergling x14  
  139  12:55  Zergling x12  
  115  13:11  Roach  
  115  13:12  Roach x11  
  130  13:17  Spine Crawler  
  123  13:20  Spore Crawler  
  123  13:22  Spine Crawler  
  120  13:27  Spine Crawler  
  99  13:43  Roach x6  
  70  13:49  Roach  
  70  13:50  Roach  
  54  14:07  Zergling x14  
Tags
 
Composition
Mech
Matchup
TvZ
Spawn Locations
Cross Positions
Add a new tag
Caveats
  • Supply blocks, unpowered buildings, or Contaminate may cause inaccurate times.
  • Supply counts are checked every 10 seconds.